 Dungeon Crawl Stone Soup version 0.30-a0-378-g86d51d8b50 (webtiles) character file.

Game seed: 1930172097949810085

2928 Ijustatesigmund the Unhurried (level 9, 0/62 HPs)
             Began as a Demonspawn Conjurer on Dec 1, 2022.
             Was a Believer of Cheibriados.
             Slain by a gnoll
             ... wielding a +2 halberd of venom
             ... led by a gnoll sergeant
              (2 damage)
             ... on level 7 of the Dungeon.
             The game lasted 00:20:52 (6889 turns).

Ijustatesigmund the Unhurried (Demonspawn Conjurer) Turns: 6889, Time: 00:20:54

Health: 0/62       AC:  6    Str: 13    XL:     9   Next: 50%
Magic:  11/18      EV: 12    Int: 33    God:    Cheibriados [**....]
Gold:   465        SH:  0    Dex: 16    Spells: 18/21 levels left

rFire   + . .      SeeInvis +    n - +5 quarterstaff (vorpal)
rCold   + . .      Faith    .    (shield currently unavailable)
rNeg    . . .      Spirit   .    a - +0 robe
rPois   +          Reflect  .    (no helmet)
rElec   +          Harm     .    o - +1 cloak
rCorr   +          Rampage  .    (no gloves)
Will    .....                    (no boots)
Stlth   ++........               (no amulet)
HPRegen 0.30/turn                g - +6 ring of intelligence
MPRegen 0.16/turn                i - ring of see invisible

@: lethally poisoned (0 -> -11), resistant, very slow
A: hooves 2, demonic guardian 2, powered by death 2, iridescent scales 1, dopey
1, sense surroundings 1
a: Renounce Religion, Bend Time


You were on level 7 of the Dungeon.
You worshipped Cheibriados.
Cheibriados was pleased with you.
You visited 2 branches of the dungeon, and saw 8 of its levels.

You collected 465 gold pieces.

Inventory:

Hand Weapons
 c - a +1 short sword of electrocution
 n - a +5 vorpal quarterstaff (weapon)
Armour
 a - a +0 robe (worn)
 o - a +1 cloak (worn)
Magical Staves
 f - a staff of earth
 j - a staff of cold
Jewellery
 d - a ring of ice
 g - a +6 ring of intelligence (left hand)
 i - a ring of see invisible (right hand)
Wands
 l - a wand of light (1)
 q - a wand of paralysis (25)
Scrolls
 k - 2 scrolls of teleportation
 p - a scroll of butterflies
Potions
 b - 3 potions of magic
 e - 2 potions of mutation
 h - 2 potions of flight
 r - a potion of cancellation
 u - 2 potions of brilliance


   Skills:
 - Level 2.6 Fighting
 - Level 3.1 Staves
 - Level 1.7 Dodging
 - Level 1.7 Stealth
 + Level 6.5 Spellcasting
 + Level 8.0 Conjurations
 + Level 8.3 Invocations
 - Level 3.8 Evocations


You had 18 spell levels left.
You knew the following spells:

 Your Spells              Type           Power      Damage    Failure   Level
a - Magic Dart            Conj           100%       1d8       1%          1
b - Searing Ray           Conj           100%       2d8       1%          2

Your spell library contained the following spells:

 Spells                   Type           Power      Damage    Failure   Level
 Dazzling Flash           Conj/Hex       74%        N/A       2%          3
 Summon Small Mammal      Summ           40%        N/A       4%          1
 Fulminant Prism          Conj/Hex       18%        3d11      8%          4
 Iskenderun's Mystic Bla  Conj/Tloc      37%        2d9       8%          4
 Call Canine Familiar     Summ           10%        N/A       12%         3
 Portal Projectile        Hex/Tloc       20%        N/A       12%         3
 Cause Fear               Hex            5%         N/A       38%         4
 Leda's Liquefaction      Hex/Erth       5%         N/A       38%         4


Dungeon Overview and Level Annotations

Branches:
Dungeon (7/15)             Temple (1/1) D:6

Altars:
Ashenzari
Cheibriados
Dithmenos
Fedhas
Gozag
Kikubaaqudgha
Makhleb
Nemelex Xobeh
Qazlal
Ru
Sif Muna
Trog
Uskayaw
Vehumet
Xom
Yredelemnul


Innate Abilities, Weirdness & Mutations

You have hoof-like feet.
A demonic guardian rushes to your aid.
You regenerate health from kills.
You are partially covered in iridescent scales. (AC +2)
You are dopey. (Int -2)
You passively map a small area around you.


Message History

Aiming: Bolt of Light
Press: ? - help, Shift-Dir - straight line, f/p - gnoll sergeant
Aim: a gnoll sergeant, wielding a +2 trident of protection, wearing a +0 scale mail and wearing a +0 buckler (heavily wounded, 81% to hit)
The bolt of light hits the gnoll sergeant.
The gnoll sergeant is heavily wounded.
The gnoll sergeant is blinded.
The gnoll sergeant barely misses you.
You hit the gnoll sergeant. Your kick misses the gnoll sergeant.
The gnoll sergeant is almost dead.
The gnoll sergeant hits you with a +2 trident of protection.
* * * LOW HITPOINT WARNING * * *
Casting: Searing Ray (safe; 1% risk of failure)
Confirm with . or Enter, or press ? or * to list all spells.
Aiming: Searing Ray (safe; 1% risk of failure)
Press: ? - help, Shift-Dir - straight line, f/p - gnoll sergeant
Aim: a gnoll sergeant, wielding a +2 trident of protection, wearing a +0 scale mail and wearing a +0 buckler (almost dead, blind, 87% to hit)
The searing ray hits the gnoll sergeant but does no damage.
The gnoll sergeant is almost dead.
The searing ray misses the gnoll.
The searing ray hits the gnoll.
The gnoll is moderately wounded. (Press . to maintain the ray.)
The searing ray hits the gnoll sergeant!
You kill the gnoll sergeant!
Cheibriados appreciates the change of pace.
The gnoll hits you from afar with a +2 halberd of venom!
* * * LOW HITPOINT WARNING * * *
A demonic guardian appears!
You are poisoned.
The gnoll hits your ice devil but does no damage.
* * * LOW HITPOINT WARNING * * *
You feel very sick.
The gnoll hits your ice devil with a +0 club.
Your ice devil barely misses the gnoll.
Okay, then.
It was a potion of resistance.
You feel protected.
* * * LOW HITPOINT WARNING * * *
You feel very sick.
The gnoll hits your ice devil but does no damage.
The gnoll hits you from afar with a +2 halberd of venom.
You die...

#...)#.....#...............
#....#.....'............... ,,
#(...'.....#............... ..,
#..[.#.....#...............
.######.)..#..##'#...............
.#......####..#....#'####'#######
.#......'.....#....#...#.......#
)#......#.....#....#...#.......#
.#......#.....#.@).#...#.......#
'#...<).# #####4...##.##########
.......##,#...gg#####.# ,


P.PPPPPPPPPPP..g#...#.. , , , P.....P.....P...#...#.. ,, ,
P.PPP.P.P.PPP...#...#, P...P...P.......#..## ,, PPPPP.PPP.P.P.###..# , * ,
P.....P ..P.P.#....', ,, , You could see 3 gnolls and a friendly ice devil
(summoned).

Vanquished Creatures
  Maggie (D:7)
  An unseen horror (D:7)
  A wraith (D:5)
  2 black bears
  An ice beast (D:7)
  2 ogres
  A bullfrog (D:7)
  A gnoll sergeant (D:7)
  2 scorpions
  5 howler monkeys
  4 jellies
  A hound (D:6)
  An orc priest (D:6)
  Crazy Yiuf (D:2)
  A gnoll bouda (D:5)
  4 iguanas
  Ijyb (D:5)
  Natasha (D:2)
  8 orc wizards
  Robin (D:2)
  8 adders
  6 gnolls
  2 white imps
  3 worms (D:2)
  2 dart slugs
  23 orcs
  12 endoplasms
  5 giant cockroaches
  16 goblins
  10 hobgoblins
  16 jackals
  12 kobolds
  5 quokkas
  12 ball pythons
  7 bats
  4 frilled lizards
  7 rats
190 creatures vanquished.

Vanquished Creatures (collateral kills)
  Joseph (D:7)
  A kobold brigand (D:7)
  An orc (D:5)
  A kobold (D:7)
4 creatures vanquished.

Vanquished Creatures (others)
  A bush (D:7)
  4 plants (D:1)
5 creatures vanquished.

Grand Total: 199 creatures vanquished

Notes
Turn   | Place    | Note
-------+----------+-------------------------------------------
     0 | D:1      | Ijustatesigmund the Demonspawn Conjurer began the quest for
                  | the Orb.
     0 | D:1      | Reached XP level 1. HP: 13/13 MP: 3/3
   210 | D:1      | Discovered your monstrous ancestry.
   210 | D:1      | Gained mutation: You have large cloven feet. [demonic
                  | ancestry]
   210 | D:1      | Reached XP level 2. HP: 7/20 MP: 0/5
   279 | D:1      | Learned a level 2 spell: Searing Ray
   324 | D:1      | Reached skill level 1 in Fighting
   674 | D:1      | Gained mutation: You regenerate a little health from kills.
                  | [demonic ancestry]
   674 | D:1      | Reached XP level 3. HP: 23/26 MP: 1/6
   769 | D:1      | Found a stormy altar of Qazlal.
  1291 | D:2      | Noticed Robin
  1316 | D:2      | Killed Robin
  1317 | D:2      | Gained mutation: You have hoof-like feet. [demonic
                  | ancestry]
  1317 | D:2      | Reached XP level 4. HP: 26/33 MP: 1/8
  1332 | D:2      | Gained mutation: You are dopey. (Int -2) [potion of
                  | mutation]
  1332 | D:2      | Gained mutation: You passively map a small area around you.
                  | [potion of mutation]
  1332 | D:2      | Gained mutation: You are partially covered in iridescent
                  | scales. (AC +2) [potion of mutation]
  1568 | D:2      | Found a runed translucent door.
  1569 | D:2      | Noticed Crazy Yiuf
  1576 | D:2      | Killed Crazy Yiuf
  2024 | D:2      | Reached XP level 5. HP: 39/39 MP: 9/9
  2224 | D:2      | Reached skill level 5 in Conjurations
  2323 | D:2      | Noticed Natasha
  2328 | D:2      | Killed Natasha
  2538 | D:3      | Reached skill level 1 in Staves
  3433 | D:4      | Gained mutation: A weak demonic guardian rushes to your
                  | aid. [demonic ancestry]
  3433 | D:4      | Reached XP level 6. HP: 46/46 MP: 11/11
  3992 | D:5      | Entered Level 5 of the Dungeon
  4026 | D:5      | Noticed Ijyb
  4036 | D:5      | Noticed a wraith
  4263 | D:5      | Killed Ijyb
  4524 | D:5      | You fall into a shaft and drop 2 floors!
  4564 | D:7      | Gained mutation: You regenerate health from kills. [demonic
                  | ancestry]
  4564 | D:7      | Reached XP level 7. HP: 30/51 MP: 4/13
  4953 | D:6      | Found a staircase to the Ecumenical Temple.
  4960 | Temple   | Entered the Ecumenical Temple
  5145 | Temple   | Became a worshipper of Cheibriados the Contemplative
  5177 | D:7      | Reached skill level 1 in Invocations
  5285 | D:7      | Noticed Maggie
  5292 | D:6      | Reached skill level 5 in Spellcasting
  5458 | D:6      | Reached XP level 8. HP: 34/57 MP: 15/15
  5536 | D:7      | Noticed an unseen horror
  5549 | D:7      | Killed Maggie
  5567 | D:7      | Killed an unseen horror
  5568 | D:7      | Reached skill level 5 in Invocations
  5624 | D:7      | Noticed Joseph
  5789 | D:5      | Reached * piety under Cheibriados
  6171 | D:5      | Gained mutation: A demonic guardian rushes to your aid.
                  | [demonic ancestry]
  6171 | D:5      | Reached XP level 9. HP: 58/62 MP: 14/17
  6780 | D:7      | Reached ** piety under Cheibriados
  6784 | D:7      | Killed Joseph
  6833 | D:7      | Got the Almanac of Curses and the Swarm
  6889 | D:7      | HP: 2/62 [poisoned by a gnoll]
  6889 | D:7      | Slain by a gnoll

Illustrated notes

Levels and vault maps discovered:
D:1:      sevenhm_arrival_forest_fort_large_4, layout_basic, minmay_hexomino_r4
D:2:      minmay_chambers_of_twos, layout_basic, uniq_natasha, uniq_robin,
          uniq_crazy_yiuf_cottage
D:3:      layout_rooms
D:4:      layout_loops_corners
D:5:      layout_rooms, uniq_ijyb
D:6:      layout_cave_pools, minmay_temple_entry_from_below_a
D:7:      layout_gridville, mrwooster_statue_mirror, minmay_hedge_maze,
          uniq_maggie, uniq_joseph
Temple:   nicolae_temple_bog_church

Skill      XL: |  1  2  3  4  5  6  7  8  9 |
---------------+----------------------------+-----
Fighting       | 1 2 |  2.6
Spellcasting   | 3 4 5 6 |  6.5
Conjurations   | 5 6 7 8 |  8.0
Staves         | 1 2 3 |  3.1
Invocations    | 3 6 8 |  8.3
Evocations     | 3 |  3.8
Dodging        | |  1.7
Stealth        | |  1.7

Action                   |  1- 3 |  4- 6 |  7- 9 || total
-------------------------+-------+-------+-------++-------
Melee: Hand axe          |    51 |    17 |       ||    68
       Dagger            |     1 |       |       ||     1
       Kick              |     8 |    22 |    28 ||    58
       Quarterstaff      |       |   101 |    97 ||   198
 Cast: Magic Dart        |    30 |    59 |    39 ||   128
       Searing Ray       |     5 |    11 |    18 ||    34
Evoke: Wand              |       |       |     4 ||     4
  Use: Scroll            |       |    16 |       ||    16
       Potion            |       |     3 |     6 ||     9
 Stab: Sleeping          |       |     3 |     1 ||     4
       Invisible         |       |     1 |       ||     1
       Paralysed         |       |       |     5 ||     5
Armor: Robe              |     7 |    36 |    29 ||    72
Dodge: Dodged            |    47 |    85 |    83 ||   215

Table legend: (Time is in decaauts)
 A = Elapsed time spent in this place.
 B = Non-inter-level travel time spent in this place.
 C = Inter-level travel time spent in this place.
 D = Time resting spent in this place.
 E = Time spent auto-exploring this place.
 F = Levels seen in this place.
 G = Mean time per level.
                   A        B        C        D        E       F      G
               +--------+--------+--------+--------+--------+-----+--------+
         Total |   7325 |   7030 |    295 |   1427 |   4186 |   8 |  915.6 |
       Dungeon |   7119 |   6858 |    261 |   1427 |   4027 |   7 | 1017.0 |
        Temple |    206 |    173 |     33 |      0 |    159 |   1 |  206.0 |
               +--------+--------+--------+--------+--------+-----+--------+

Top non-repeatable levels by time:
     D:4: 1318 daAuts
     D:2: 1250 daAuts
     D:1: 1232 daAuts
     D:5: 1138 daAuts
     D:6: 895 daAuts
     D:7: 839 daAuts
     D:3: 444 daAuts
  Temple: 206 daAuts
